 Dungeon Crawl Stone Soup version 0.18-a0-1805-g8ab820f (webtiles) character file.

261178 George the Fencer (level 19, -1/181 HPs)
             Began as a Minotaur Fighter on Apr 25, 2016.
             Was the Champion of the Shining One.
             Slain by a deep troll (6 damage)
             ... led by an ironheart preserver
             ... on level 1 of the Vaults.
             The game lasted 03:50:46 (46917 turns).

George the Fencer (Minotaur Fighter)               Turns: 46917, Time: 03:50:46

Health: -1/181     AC: 33    Str: 24    XL:     19   Next: 19%
Magic:  29/29      EV: 11    Int:  9    God:    the Shining One [******]
Gold:   3302       SH: 34    Dex: 18    Spells: 0 memorised, 18 levels left

rFire  + . .     SeeInvis +     Q - +3 scimitar (flame)
rCold  + . .     Gourm    .     v - +3 plate armour {rF+}
rNeg   + + +     Faith    .     a - +2 shield
rPois  +         Spirit   .     I - +3 crown of Dyrovepreva {rElec Int+2 SInv}
rElec  +         Dismiss  .     s - +2 cloak
rCorr  .         Reflect  +     N - +1 pair of gloves {Dex+3}
SustAt .         Harm     .     w - +1 pair of boots {run}
MR     +....                    V - +5 amulet of reflection
Stlth  ..........               O - ring of poison resistance
                                K - ring of protection from cold

@: divine shield, glowing, quick, somewhat resistant to hostile enchantments,
extremely unstealthy
A: retaliatory headbutt, horns 2, blink, clever 1
a: Blink, Divine Shield, Cleansing Flame, Summon Divine Warrior, Brand Weapon
With Holy Wrath, Renounce Religion
}: 2/15 runes: serpentine, barnacled


You were on level 1 of the Vaults.
You worshipped the Shining One.
The Shining One was exalted by your worship.
You were very hungry.

You visited 7 branches of the dungeon, and saw 35 of its levels.
You also visited: Labyrinth and Volcano.

You collected 4473 gold pieces.
You spent 1171 gold pieces at shops.

Inventory:

Hand Weapons
 Q - a +3 scimitar of flaming (weapon)
Missiles
 L - 8 throwing nets (quivered)
Armour
 a - a +2 shield (worn)
 s - a +2 cloak (worn)
 v - a +3 plate armour of fire resistance (worn)
 w - a +1 pair of boots of running (worn)
 I - the +3 crown of Dyrovepreva (worn) {rElec Int+2 SInv}
   (You found it on level 12 of the Dungeon)

   It affects your intelligence (+2).
   It insulates you from electricity.
   It lets you see invisible.
 N - a +1 pair of gloves of dexterity (worn)
Rods
 e - a +6 lightning rod (10/10)
   (You found it on level 8 of the Lair of Beasts)
Jewellery
 p - an uncursed ring of flight
 F - an uncursed ring of protection from fire
 K - a ring of protection from cold (left hand)
 O - a ring of poison resistance (right hand)
 V - a +5 amulet of reflection (around neck)
Wands
 y - a wand of digging (20/24)
 z - a wand of heal wounds (7/9)
 S - a wand of digging (17/24)
Scrolls
 c - a scroll of blinking
 i - 7 scrolls of remove curse
 m - a scroll of summoning
 o - 5 scrolls of fog
 r - 9 scrolls of fear
 t - a scroll of magic mapping
 u - 6 scrolls of teleportation
 E - 8 scrolls of identify
 H - 3 scrolls of enchant weapon
 T - 6 scrolls of immolation
 U - 5 scrolls of recharging
 Y - 7 scrolls of enchant armour
Potions
 b - 3 potions of resistance
 d - 3 potions of might
 g - 9 potions of curing
 k - 3 potions of magic
 n - 6 potions of agility
 q - 4 potions of mutation
 B - 2 potions of ambrosia
 D - 8 potions of cancellation
 J - 3 potions of cure mutation
 R - 4 potions of heal wounds
Miscellaneous
 l - a lamp of fire
 M - a phial of floods
 W - a fan of gales (inert)
Comestibles
 A - 15 bread rations
 C - 10 meat rations
 G - 6 beef jerkies
 P - 74 fruits
 X - 14 royal jellies
 Z - 3 slices of pizza


   Skills:
 + Level 18.6 Fighting
 + Level 19.6 Long Blades
 + Level 18.3 Armour
 + Level 4.3 Dodging
 + Level 16.7 Shields
 + Level 15.0 Invocations


You had 18 spell levels left.
You didn't know any spells.

Dungeon Overview and Level Annotations

Branches:
Dungeon (15/15)            Temple (1/1) D:5            Lair (8/8) D:10
 Shoals (4/4) Lair:6        Snake (4/4) Lair:3        Slime (0/6) Lair:7
    Orc (2/2) D:12            Elf (0/3) Orc:2        Vaults (1/5) D:14
 Depths (0/5) D:15

Altars:
Ashenzari
Cheibriados
Dithmenos
Elyvilon
Fedhas
Gozag
Kikubaaqudgha
Makhleb
Nemelex Xobeh
Okawaru
Pakellas
Qazlal
Ru
Sif Muna
Trog
Vehumet
Xom
Yredelemnul
Zin
The Shining One

Shops:
D:8 (   D:11 (   Orc:2 [:%(!   Shoals:2 *   Shoals:4 =[[!%

Portals:
Pandemonium: Orc:2

Annotations:
D:13 3 runed doors
Orc:2 2 exclusions


Innate Abilities, Weirdness & Mutations

You reflexively headbutt those who attack you in melee.
You have a pair of horns on your head.
You can translocate small distances at will.
Your mind is acute. (Int +2)


Message History

You block the deep troll's attack. x3
The vault sentinel unwields an uncursed long sword.
The vault sentinel wields an uncursed enchanted arbalest.
The vault sentinel shoots a bolt.
You reflect the bolt off an invisible shield around you!
The bolt hits the vault sentinel!!
You hit the deep troll. You burn the deep troll.
Your headbutt misses the deep troll.
The deep troll is lightly wounded.
You block the deep troll's attack. The deep troll claws you!
* * * LOW HITPOINT WARNING * * *
The deep troll claws you!
* * * LOW HITPOINT WARNING * * *
The orc knight hits you but does no damage.
Evoke which item? (* to show all) (? for menu, Esc to quit)
A fierce wind blows from the fan.
The monsters around you are blown away!
The winds coalesce and take form.
You block the deep troll's attack. x3
The deep troll barely misses you. You furiously retaliate!
You headbutt the deep troll! The deep troll claws you.
You die...

##... #..
$#.. #.#
...## #..
...%
+.###E.
#p..o#
#(.∩.#
#cTO.#.#..
#@T)p......
###########


You could see an orc knight, 2 deep trolls, a vault sentinel, an ironbrand
convoker, a yaktaur, an ogre and a friendly air elemental.

Vanquished Creatures
  Mara (Snake:3)
  Vashnia (Snake:2)
  Jorgrun (Snake:2)
  Polyphemus (Shoals:3)
  Frances (Snake:2)
  Wiglaf (Snake:2)
  3 greater nagas (Snake:4)
  Ilsuiw (Shoals:3)
  2 frost giants
  Aizul (Snake:2)
  An ironheart preserver (Vaults:1)
  The ghost of M4edhros the Peltast, a journeyman OpAr of Gozag (D:14)
  Nessos (Lair:6)
  Azrael (D:14)
  An ettin (Orc:1)
  Snorg (Orc:2)
  A minotaur (Lab)
  7 merfolk javelineers
  Josephine (Lair:6)
  8 vault guards (D:14)
  11 merfolk impalers
  9 naga warriors
  9 hydras
  2 alligator snapping turtles
  3 merfolk avatars
  A catoblepas (Shoals:3)
  4 centaur warriors
  3 merfolk aquamancers
  2 satyrs
  8 anacondas
  10 death yaks
  Urug (D:12)
  12 naga sharpshooters
  9 shock serpents
  2 tengu warriors
  4 orc high priests (Orc:2)
  The ghost of F1L1N the Grappler, a novice TrBe of Trog (D:7)
  Sonja (D:10)
  A deep elf knight (D:12)
  3 skeletal warriors (D:14)
  A salamander mystic (Snake:4)
  4 unseen horrors
  17 sea snakes
  3 deep trolls (Vaults:1)
  An infernal demonspawn (Orc:2)
  A torturous demonspawn (Orc:2)
  A deep elf archer (D:12)
  8 hill giants
  5 naga ritualists
  4 lindwurms (Lair:3)
  An orange crystal statue (D:13)
  3 ironbrand convokers (Vaults:1)
  A wolf spider (D:15)
  6 orc knights
  14 harpies
  A necromancer (D:15)
  2 wizards (D:15)
  8 griffons
  11 ugly things
  5 cyclopes
  2 deep elf magi (D:15)
  2 fauns (Shoals:1)
  8 mana vipers
  5 manticores
  10 orc sorcerers
  6 salamanders
  5 sirens
  11 elephants
  A guardian serpent (Snake:2)
  5 water nymphs
  21 naga magi
  2 rust devils (Orc:2)
  38 black mambas
  2 torpor snails
  18 spiny frogs
  4 gargoyles (Lab)
  13 komodo dragons
  A freezing wraith (D:10)
  3 yaktaurs (D:15)
  2 rime drakes (Lair:8)
  2 efreet
  4 tengu conjurers
  A hellwing (Orc:2)
  41 merfolk
  A harpy zombie (Shoals:4)
  A two-headed ogre (D:10)
  9 polar bears
  A queen bee (D:11)
  5 trolls
  Prince Ribbit (D:9)
  5 wind drakes
  10 blink frogs
  A boulder beetle (Lair:8)
  8 snapping turtles
  4 raiju (Lair:8)
  2 griffon zombies (Shoals:4)
  A centaur simulacrum (D:15)
  4 shadows
  4 wyverns
  7 wraiths
  6 water elementals
  51 yaks
  4 fire elementals
  4 basilisks
  5 hungry ghosts
  A chaos spawn (Orc:2)
  20 hippogriffs
  10 wargs
  9 fire bats (Volcano)
  57 nagas
  7 vampire mosquitoes
  4 mottled dragons
  Duvessa (D:6)
  8 hell hounds
  15 water moccasins
  2 soldier ants
  15 porcupines
  48 orc warriors
  5 eyes of draining
  14 ogres
  4 sky beasts
  3 phantoms
  4 ice beasts
  14 black bears
  5 boggarts (D:15)
  22 wolves
  19 centaurs
  15 crocodiles
  7 big kobolds
  25 giant frogs
  The ghost of Loki the Ruffian, an amateur VSWr (D:6)
  A wyvern zombie (D:13)
  Dowan (D:6)
  An earth elemental (D:11)
  2 wyvern skeletons
  4 scorpions
  23 killer bees
  16 wights
  6 electric eels
  7 howler monkeys
  8 crimson imps
  A giant frog zombie (D:10)
  15 hounds
  A quasit (D:10)
  A giant frog skeleton (D:6)
  A gnoll shaman (D:4)
  A jelly (D:11)
  28 orc priests
  Ijyb (D:3)
  6 centaur skeletons
  Terence (D:3)
  5 iguanas
  20 orc wizards
  7 hell rats (Lair:3)
  8 worker ants
  21 sheep
  2 hound skeletons
  6 gnolls
  2 howler monkey skeletons
  12 adders
  64 river rats
  2 shadow imps
  An ooze (D:3)
  An adder skeleton (D:9)
  A dart slug (D:1)
  3 giant geckos
  93 orcs
  3 ball pythons
  3 giant cockroaches
  14 goblins
  10 hobgoblins
  9 jackals
  54 kobolds
  5 quokkas
  3 bats
  A giant gecko zombie (D:5)
  6 giant newts (D:4)
  10 rats
  A bush (Lair:6)
  A butterfly (Lair:4)
  A fungus (Lair:6)
  A plant (Shoals:4)
1400 creatures vanquished.

Vanquished Creatures (collateral kills)
  A merfolk javelineer (Shoals:4)
  4 merfolk impalers (Shoals:4)
  An alligator snapping turtle (Shoals:4)
  A shock serpent (Snake:3)
  2 naga sharpshooters
  4 sea snakes (Shoals:4)
  2 harpies (Shoals:4)
  3 fauns (Shoals:4)
  A griffon (Shoals:4)
  A siren (Shoals:4)
  2 naga magi (Snake:3)
  A water nymph (Shoals:4)
  A guardian serpent (Snake:3)
  6 merfolk (Shoals:4)
  A harpy zombie (Shoals:4)
  A wind drake (Shoals:4)
  2 snapping turtles (Shoals:4)
  2 griffon zombies (Shoals:4)
  2 water elementals (Shoals:4)
  A naga (Snake:3)
39 creatures vanquished.

Vanquished Creatures (others)
  A cyclops (Shoals:3)
  A black mamba (Snake:3)
  12 fungi
  19 plants
33 creatures vanquished.

Grand Total: 1472 creatures vanquished

Notes
Turn   | Place    | Note
--------------------------------------------------------------
     0 | D:1      | George the Minotaur Fighter began the quest for the Orb.
     0 | D:1      | Reached XP level 1. HP: 19/19 MP: 0/0
    59 | D:1      | Reached skill level 3 in Long Blades
   113 | D:1      | Reached XP level 2. HP: 24/26 MP: 1/1
   378 | D:1      | Reached skill level 4 in Long Blades
   743 | D:2      | Reached XP level 3. HP: 26/31 MP: 2/2
   761 | D:2      | Found a deep blue altar of Sif Muna.
   761 | D:2      | Found an ancient bone altar of Kikubaaqudgha.
   762 | D:2      | Found a radiant altar of Vehumet.
   765 | D:2      | Identified Kikubaaqudgha's Almanac of Darkness
   920 | D:2      | Reached skill level 5 in Long Blades
  1105 | D:2      | Reached XP level 4. HP: 39/39 MP: 3/3
  1808 | D:3      | Noticed Terence
  1817 | D:3      | Killed Terence
  1817 | D:3      | Reached skill level 6 in Long Blades
  2140 | D:3      | Reached XP level 5. HP: 41/45 MP: 4/4
  2307 | D:3      | Noticed Ijyb
  2317 | D:3      | Killed Ijyb
  2346 | D:3      | Reached skill level 7 in Long Blades
  2384 | D:3      | Reached skill level 8 in Long Blades
  2384 | D:3      | Reached XP level 6. HP: 47/51 MP: 5/5
  2537 | D:4      | Found a bloodstained altar of Trog.
  2783 | D:4      | Reached skill level 9 in Long Blades
  2783 | D:4      | Reached XP level 7. HP: 57/57 MP: 6/6
  3555 | D:4      | Reached skill level 5 in Fighting
  3555 | D:4      | Reached skill level 5 in Armour
  3555 | D:4      | Reached XP level 8. HP: 68/68 MP: 0/7
  3561 | D:4      | Reached skill level 5 in Shields
  3630 | D:4      | Reached skill level 10 in Long Blades
  3728 | D:5      | Entered Level 5 of the Dungeon
  4064 | D:5      | Found a staircase to the Ecumenical Temple.
  4070 | Temple   | Entered the Ecumenical Temple
  4527 | D:6      | Noticed Loki's ghost (amateur VSWr)
  4529 | D:6      | Killed Loki's ghost
  4605 | D:6      | Noticed Dowan
  4606 | D:6      | Noticed Duvessa
  4621 | D:6      | Killed Duvessa
  4645 | D:6      | Killed Dowan
  4715 | D:6      | Found a glowing golden altar of the Shining One.
  4755 | D:6      | Reached XP level 9. HP: 78/78 MP: 8/8
  4813 | D:6      | Became a worshipper of the Shining One
  5049 | D:7      | Noticed F1L1N's ghost (novice TrBe)
  5561 | D:6      | Reached skill level 1 in Invocations
  6541 | D:7      | Killed F1L1N's ghost
  6541 | D:7      | Reached skill level 11 in Long Blades
  6728 | D:7      | Reached * piety under the Shining One
  6862 | D:7      | Reached XP level 10. HP: 79/88 MP: 9/11
  7477 | D:8      | Found a bloodstained altar of Trog.
  7480 | D:8      | Found a glowing golden altar of the Shining One.
  7483 | D:8      | Found a white marble altar of Elyvilon.
  7486 | D:8      | Found an iron altar of Okawaru.
  7533 | D:8      | Found a burning altar of Makhleb.
  7816 | D:8      | Found Ipnus's Antique Weapon Shoppe.
  8020 | D:8      | Reached ** piety under the Shining One
  8105 | D:9      | Noticed an unseen horror
  8114 | D:9      | Killed an unseen horror
  8459 | D:9      | Noticed Prince Ribbit
  8467 | D:9      | Killed Prince Ribbit
  8550 | D:9      | Noticed a hill giant
  8563 | D:9      | Killed a hill giant
  8690 | D:9      | Reached skill level 12 in Long Blades
  8704 | D:9      | Reached skill level 5 in Invocations
  9042 | D:10     | Entered Level 10 of the Dungeon
  9305 | D:10     | Reached XP level 11. HP: 82/97 MP: 13/13
  9570 | D:10     | Reached *** piety under the Shining One
  9720 | D:10     | Noticed a hill giant
  9758 | D:10     | Killed a hill giant
  9990 | D:10     | Found a staircase to the Lair.
 10057 | D:10     | Noticed Sonja
 10530 | D:10     | Noticed an unseen horror
 10541 | D:10     | Killed an unseen horror
 10541 | D:10     | Reached skill level 10 in Shields
 10627 | D:10     | Reached skill level 10 in Fighting
 10676 | D:10     | Killed Sonja
 10676 | D:10     | Reached skill level 10 in Armour
 10772 | D:11     | Gained mutation: Your mind is acute. (Int +2) [potion of beneficial mutation]
 11034 | D:11     | Found a large runed door.
 11034 | D:11     | Found a large runed door.
 11063 | D:11     | Noticed a six-headed hydra
 11063 | D:11     | Reached **** piety under the Shining One
 11081 | D:11     | Killed a six-headed hydra
 11088 | D:11     | Found a labyrinth entrance.
 11099 | Lab      | Entered a labyrinth
 11146 | Lab      | Reached skill level 13 in Long Blades
 11510 | Lab      | Found an exit through the horrors of the Abyss.
 11769 | Lab      | Noticed a minotaur
 11795 | Lab      | Killed a minotaur
 11795 | Lab      | Reached XP level 12. HP: 44/108 MP: 6/16
 11979 | D:11     | Found Voato's Antique Weapon Shoppe.
 12266 | D:11     | Noticed a death knight
 12545 | Lair:1   | Entered Level 1 of the Lair of Beasts
 12795 | Lair:1   | You fall through a shaft!
 14847 | Lair:2   | Noticed a seven-headed hydra
 14863 | Lair:2   | Killed a seven-headed hydra
 15482 | Lair:3   | Reached skill level 14 in Long Blades
 15554 | Lair:3   | Reached ***** piety under the Shining One
 15610 | Lair:3   | Reached XP level 13. HP: 107/118 MP: 16/18
 15933 | Lair:3   | Found a staircase to the Snake Pit.
 16672 | Lair:3   | Identified a +1 pair of boots of running (You found it on level 3 of the Lair of Beasts)
 17969 | Lair:6   | Noticed Nessos
 17996 | Lair:6   | Killed Nessos
 18096 | Lair:6   | Noticed Josephine
 18099 | Lair:6   | Found a dark tunnel.
 18104 | Volcano  | Entered a volcano
 18842 | Lair:6   | Killed Josephine
 19133 | Lair:6   | Found a staircase to the Shoals.
 19696 | Lair:6   | Reached skill level 15 in Long Blades
 20286 | Lair:7   | Reached XP level 14. HP: 114/129 MP: 16/20
 20303 | Lair:7   | Found a staircase to the Slime Pits.
 20833 | Lair:8   | Entered Level 8 of the Lair of Beasts
 20982 | Lair:8   | Reached skill level 10 in Invocations
 22795 | Lair:8   | Reached ****** piety under the Shining One
 23682 | D:11     | Reached skill level 16 in Long Blades
 24101 | D:12     | Found an iron altar of Okawaru.
 24146 | D:12     | Reached XP level 15. HP: 139/139 MP: 22/22
 24200 | D:12     | Noticed Urug
 24210 | D:12     | Killed Urug
 24435 | D:12     | Found a staircase to the Orcish Mines.
 24982 | D:12     | Got a brightly glowing shield
 24993 | D:12     | Identified the +2 shield "Woriffip" {rPois rN+ Str-5 Slay+3} (You took it off a kobold on level 12 of the Dungeon)
 25118 | D:12     | Got a pair of distressingly furry boots
 25129 | D:12     | Identified the -5 pair of boots of Wrong Decisions {rF+} (You found it on level 12 of the Dungeon)
 25300 | Orc:1    | Entered Level 1 of the Orcish Mines
 25677 | Orc:2    | Entered Level 2 of the Orcish Mines
 25727 | Orc:2    | Noticed Snorg
 25733 | Orc:2    | Killed Snorg
 25830 | Orc:2    | Found a staircase to the Elven Halls.
 25900 | Orc:2    | Found Jukog's Armour Emporium.
 26008 | Orc:2    | Found Zeqa's Food Shoppe.
 26262 | Orc:1    | Reached skill level 15 in Fighting
 26617 | Orc:2    | Found Cexagg's Distillery.
 26946 | Orc:2    | Reached skill level 15 in Armour
 27071 | Orc:2    | Found Jymeil's Antique Weapon Boutique.
 27071 | Orc:2    | Found Kickuse's Book Shop.
 27071 | Orc:2    | Found a one-way gate leading to the halls of Pandemonium.
 27361 | D:13     | Found a runed door.
 27580 | D:13     | Found a runed door.
 27597 | D:13     | Found a runed door.
 27623 | D:13     | Found a runed door.
 28348 | D:14     | Found a burning altar of Makhleb.
 28356 | D:14     | Noticed M4edhros's ghost (journeyman OpAr)
 28372 | D:14     | Killed M4edhros's ghost
 28423 | D:14     | Found a shadowy altar of Dithmenos.
 28423 | D:14     | Noticed Azrael
 28448 | D:14     | Killed Azrael
 28448 | D:14     | Reached skill level 17 in Long Blades
 28880 | D:14     | Reached XP level 16. HP: 115/151 MP: 16/24
 29062 | D:14     | Found a gate to the Vaults.
 29870 | D:15     | Entered Level 15 of the Dungeon
 30969 | D:15     | Found a staircase to the Depths.
 31407 | Shoals:1 | Entered Level 1 of the Shoals
 31427 | Shoals:1 | Gained mutation: You can translocate small distances at will. [potion of beneficial mutation]
 33497 | Shoals:2 | The Shining One protects you from harm!
 33499 | Shoals:2 | HP: 5/152 [snapping turtle (12)]
 34257 | Shoals:2 | Found Haodgheh's Assorted Antiques.
 34582 | Shoals:2 | Bought a runed plate armour for 621 gold pieces
 34902 | Shoals:3 | Reached skill level 18 in Long Blades
 35051 | Shoals:3 | Reached XP level 17. HP: 160/160 MP: 25/25
 35109 | Shoals:3 | Noticed Polyphemus
 35161 | Shoals:3 | Killed Polyphemus
 36346 | Snake:1  | Entered Level 1 of the Snake Pit
 37214 | Snake:1  | Reached skill level 15 in Shields
 37946 | Snake:1  | You fall through a shaft!
 37946 | Snake:2  | Noticed Wiglaf
 37960 | Snake:2  | Noticed Frances
 37963 | Snake:2  | Noticed Aizul
 37968 | Snake:2  | Killed Wiglaf
 37986 | Snake:2  | Killed Frances
 38004 | Snake:2  | Killed Aizul
 38760 | Snake:2  | Noticed Jorgrun
 38779 | Snake:2  | Killed Jorgrun
 38894 | Snake:2  | Noticed Vashnia
 38982 | Snake:2  | Killed Vashnia
 40249 | Snake:3  | Reached XP level 18. HP: 159/171 MP: 27/27
 40352 | Snake:3  | Noticed Mara
 40359 | Snake:3  | Noticed George's illusion
 40369 | Snake:3  | Killed Mara
 40404 | Snake:3  | HP: 8/171 [shock serpent/bolt of electricity (3)]
 40406 | Snake:3  | HP: 3/171 [black mamba (3)]
 40426 | Snake:3  | HP: 2/171 [black mamba (11)]
 41214 | Snake:4  | Entered Level 4 of the Snake Pit
 41577 | Snake:4  | Reached skill level 19 in Long Blades
 41672 | Snake:4  | HP: 8/172 [greater naga/orb of energy (18)]
 41672 | Snake:4  | The Shining One protects you from harm!
 42287 | Snake:4  | Got a jet-encrusted scale mail
 42298 | Snake:4  | Identified the +0 scale mail of Daj Ezibb {MP-9 Dex+8} (You found it on level 4 of the Snake Pit)
 42999 | Snake:4  | Got a serpentine rune of Zot
 43395 | Shoals:4 | Entered Level 4 of the Shoals
 43418 | Shoals:4 | Noticed Ilsuiw
 43906 | Shoals:3 | Reached skill level 1 in Dodging
 44553 | Shoals:3 | Killed Ilsuiw
 45855 | Shoals:4 | Found Akaru's Antique Armour Emporium.
 45914 | Shoals:4 | Reached XP level 19. HP: 163/180 MP: 29/29
 45981 | Shoals:4 | Found Telecvudaz's Food Emporium.
 46092 | Shoals:4 | Found Tirara's Armour Shoppe.
 46095 | Shoals:4 | Found Kaprosch's Jewellery Shop.
 46115 | Shoals:4 | Bought a +5 amulet of reflection for 550 gold pieces
 46155 | Shoals:4 | Got a barnacled rune of Zot
 46358 | Shoals:4 | Found Wyariek's Distillery.
 46870 | Vaults:1 | Entered Level 1 of the Vaults
 46897 | Vaults:1 | Reached skill level 15 in Invocations
 46916 | Vaults:1 | HP: 5/181 [deep troll[an ironheart preserver] (8)]
 46917 | Vaults:1 | Slain by a deep troll

Vault maps used:
D:1:      elethiomel_arrival_diamonds
D:2:      grunt_temple_overflow_magic_moments, minmay_goblin_outpost
D:3:      minmay_goblin_kobold_castle, uniq_iyjb, uniq_terence
D:4:      trog_eyes_of_draining
D:5:      temple_green, first_bread
D:6:      basic_altar, nrook_mini_vaults, uniq_duvessa
D:8:      grunt_temple_overflow_cloverleaf, old_standard_altar, serial_shops,
          nicolae_shop_temple_entry_statues_fountains
D:9:      serial_glass, glass_columns_a, glass_columns_b, due_unseen_surprise,
          feat_on_display, minmay_strange_pillars, uniq_prince_ribbit1
D:10:     erik_lair_orcish_takeover, grunt_tengu_nest, uniq_sonja
D:11:     special_room, lab_entry_generic, serial_shops, shop,
          lightli_elemental_guards
D:12:     evilmike_iron_armoury, orc_0_dummy, uniq_urug
D:13:     minmay_statue_crystal_thing
D:14:     erik_vaults_2, infiniplex_staircase_door_maze, basic_altar,
          grunt_dithmenos_smoke, uniq_azrael
D:15:     grunt_enter_depths_magical_seal,
          hangedman_abyss_or_decor_jellyfish_corner
Temple:   circular_temple_12
Lair:1:   small_statue_intersection, st_stairs_13, minivault_25,
          serial_bayou_shore_a
Lair:2:   serial_bayou, serial_bayou_ford_a, serial_bayou_crossing,
          serial_bayou_lagoon_a, serial_bayou_lake_a, serial_bayou_shore_b,
          grunt_megastairs_2, infiniplex_staircase_pool, lemuel_fruit_tree
Lair:3:   guppyfry_snake_entry_garden, minmay_lindwurm_lava, lemuel_fruit_fields
Lair:5:   serial_bayou_pond_e, nicolae_quartered_pool_super
Lair:6:   minmay_shoals_entry_beasts, enter_volcano_1, uniq_josephine,
          uniq_nessos
Lair:7:   slime_dummy, grunt_megastairs_1
Lair:8:   hangedman_lair_in_review, hangedman_lair_caniforms_friends,
          grunt_forest_large_clearings
Shoals:1: centaur_isle
Shoals:2: serial_shops, shop, nicolae_shoals_siren_and_animal_friends
Shoals:3: uniq_polyphemus
Shoals:4: shoals_end_grunt_ice, shoals_ilsuiw_ice, serial_shops,
          nicolae_shop_behind_doors, shop, shop, shop, shop_coins,
          nicolae_shoals_seven_spires, nicolae_shoals_undead_eyrie
Snake:2:  uniq_vashnia, uniq_aizul, uniq_jorgrun, uniq_wiglaf, uniq_frances
Snake:3:  grunt_megastairs_4, uniq_mara
Snake:4:  minmay_snake_end_coiled, st_stairs_1
Orc:2:    pf_orc_diabolical, serial_shops, nicolae_shop_waterfront, uniq_snorg
Vaults:1: ontoclasm_vaults_gateway, hangedman_vaults_pinch,
          nicolae_vaults_branching_niches, vaults_dpeg_cross,
          nicolae_vaults_what_the_h, vaults_room_grid,
          nicolae_vaults_circle_grid_a, vaults_dpeg_ring
Lab:      nicolae_lab_dead_adventurers, labyrinth_lava_lair, lab_block,
          nicolae_lab_dead_end, labyrinth_glass_1, nicolae_lab_diamond,
          nicolae_lab_t_cross, labyrinth_skeletal_remains,
          nicolae_lab_very_dead_end, nicolae_lab_quarters,
          nicolae_lab_flowing_pool
Volcano:  volcano_pools

Skill      XL: |  1  2  3  4  5  6  7  8  9 10 11 12 13 14 15 16 17 18 19 |
---------------+----------------------------------------------------------+-----
Long Blades    | 3 4 5 6 8 9 10 11 12 13 14 15 16 17 18 19 | 19.6
Fighting       | 5 6 8 9 10 12 13 14 15 16 17 18 | 18.6
Shields        | 4 6 7 9 10 11 12 13 14 15 16 | 16.7
Armour         | 5 6 8 9 10 11 13 14 15 16 17 18 | 18.3
Invocations    | 3 5 6 8 9 11 12 13 14 15 | 15.0
Dodging        | 3 4 |  4.3

Action                   |  1- 3 |  4- 6 |  7- 9 | 10-12 | 13-15 | 16-18 | 19-21 || total
-------------------------+-------+-------+-------+-------+-------+-------+-------++-------
Melee: Long sword        |    78 |   223 |   346 |   891 |    97 |       |       ||  1635
       Headbutt          |    13 |    31 |    67 |   219 |   372 |   488 |    45 ||  1235
       Rapier            |       |       |       |    24 |       |       |       ||    24
       Great sword       |       |       |       |       |  1311 |       |       ||  1311
       Scimitar          |       |       |       |       |    69 |  1864 |   153 ||  2086
Invok: Divine Shield     |       |       |       |     1 |     3 |     8 |     1 ||    13
       Summon Divine War |       |       |       |       |       |     3 |       ||     3
       Cleansing Flame   |       |       |       |       |       |     2 |       ||     2
 Abil: Evoke Flight      |       |       |       |       |     2 |     2 |       ||     4
       Stop Flying       |       |       |       |       |       |     1 |       ||     1
Evoke: Wand              |       |       |       |    15 |     4 |    10 |       ||    29
       Rod               |       |       |       |       |     8 |    14 |       ||    22
       Fan of gales      |       |       |       |       |       |     1 |     1 ||     2
  Use: Scroll            |       |       |    18 |     9 |     8 |     5 |       ||    40
       Potion            |       |       |     1 |     1 |     1 |     7 |       ||    10
 Stab: Distracted        |       |       |       |     1 |       |       |       ||     1
  Eat: Chunk             |     1 |     1 |    15 |    27 |    42 |    47 |     2 ||   135
       Bread ration      |       |     1 |       |       |       |       |       ||     1
       Fruit             |       |       |       |     6 |       |     1 |       ||     7
       Royal jelly       |       |       |       |       |       |     5 |       ||     5
Armor: Scale mail        |    25 |    92 |    26 |       |       |       |       ||   143
       Chain mail        |       |       |    89 |    66 |   819 |   201 |       ||  1175
       Plate armour      |       |       |       |   306 |   210 |   539 |    69 ||  1124
Dodge: Dodged            |    31 |    57 |    54 |   145 |   541 |   330 |    51 ||  1209
Block: Shield            |    41 |   137 |   165 |   505 |    94 |  1643 |   187 ||  2772
       Other             |       |       |       |       |    24 |       |       ||    24
       Reflection        |       |       |       |       |       |       |     5 ||     5
